[Event "DMP-III LIGA Senior PK 2020"]
[Site "Bystre"]
[Date "2020.07.09"]
[Round "2.29"]
[White "Karas, Kacper"]
[Black "Materniak, Aleksander"]
[Result "1/2-1/2"]
[ECO "A20"]
[WhiteElo "1150"]
[BlackElo "1660"]
[Annotator "NA"]
[PlyCount "129"]
[EventDate "2020.07.05"]
[EventType "team-tourn"]
[EventCountry "POL"]
[SourceTitle "playchess.com"]
[Source "ChessBase"]
[SourceQuality "1"]
[TimeControl "5400+30"]

1. c4 e5 2. g3 Nf6 3. Bg2 Bc5 4. Nc3 O-O 5. e3 c6 6. Nge2 d5 7. cxd5 cxd5 8. d4 exd4 9. Nxd4 Nc6 10. Nxc6 bxc6 11. Qa4 Qb6 12. O-O Re8 13. a3 Bf5 14. Qf4 Bc2 15. Na4 Bxa4 16. Qxa4 Ne4 17. b4 Bd6 18. Bb2 a5 19. Bd4 Qc7 20. Rfc1 Rec8 21. Bxe4 axb4 22. Bxh7+ Kxh7 23. Qc2+ Kg8 24. axb4 Rxa1 25. Rxa1 Bxb4 26. Ra7 Qd6 27. Qf5 Rf8 28. Qg5 Qh6 29. Qxh6 gxh6 30. Rc7 Re8 31. Rxc6 Re6 32. Rc8+ Kh7 33. Rh8+ Kg6 34. Rg8+ Kf5 35. f3 Rg6 36. Re8 Re6 37. Rg8 Rg6 38. g4+ Ke6 39. Rb8 Bd6 40. Rb6 Kd7 41. h4 f5 42. Be5 fxg4 43. Rxd6+ Rxd6 44. Bxd6 Kxd6 45. fxg4 Ke5 46. Kf2 Ke4 47. Ke2 d4 48. exd4 Kxd4 49. Kf3 Ke5 50. Ke3 Ke6 51. Ke4 Kf7 52. Kf5 Kg7 53. Ke6 Kg6 54. Ke5 Kg7 55. g5 hxg5 56. hxg5 Kg6 57. Kf4 Kg7 58. Kf5 Kf7 59. g6+ Kg7 60. Kg5 Kg8 61. Kf4 Kg7 62. Kf5 Kg8 63. Kf6 Kf8 64. Ke6 Kg7 65. Kf5 1/2-1/2

[Event "DMP-III LIGA Senior PK 2020"]
[Site "Bystre"]
[Date "2020.07.09"]
[Round "2.30"]
[White "Tarsa, Joanna"]
[Black "Uliasz, Katarzyna"]
[Result "0-1"]
[ECO "B70"]
[WhiteElo "1574"]
[BlackElo "1386"]
[Annotator "NA"]
[PlyCount "78"]
[EventDate "2020.07.05"]
[EventType "team-tourn"]
[EventCountry "POL"]
[SourceTitle "playchess.com"]
[Source "ChessBase"]
[SourceQuality "1"]
[TimeControl "5400+30"]

1. e4 c5 2. Nf3 d6 3. d4 cxd4 4. Nxd4 Nf6 5. Nc3 g6 6. Bc4 Bg7 7. Be3 O-O 8. O-O Nc6 9. Bb3 Ng4 10. Nxc6 bxc6 11. Bd2 Qc7 12. h3 Nf6 13. Rb1 Rd8 14. Qe2 e5 15. Rfe1 Nh5 16. Qf3 Rd7 17. Bg5 h6 18. Bd2 Kh7 19. Ne2 Bb7 20. c4 Rf8 21. g4 Nf6 22. Ng3 d5 23. cxd5 cxd5 24. exd5 Nxd5 25. Bxd5 Bxd5 26. Qc3 Bxa2 27. Ra1 Bd5 28. Ra5 Qb7 29. Qb4 Qa8 30. Bc3 Re8 31. Qa4 Ree7 32. Bxe5 Qe8 33. f4 f6 34. Rd1 Bc6 35. Qc2 Rxd1+ 36. Qxd1 fxe5 37. fxe5 Rxe5 38. Rxe5 Qxe5 39. Qb3 Qe1+ 0-1

[Event "DMP-III LIGA Senior PK 2020"]
[Site "Bystre"]
[Date "2020.07.09"]
[Round "3.1"]
[White "Marut, Leszek"]
[Black "Stefanski, Robert"]
[Result "1/2-1/2"]
[ECO "D05"]
[WhiteElo "1863"]
[BlackElo "1649"]
[Annotator "NA RC"]
[PlyCount "39"]
[EventDate "2020.07.05"]
[EventType "team-tourn"]
[EventCountry "POL"]
[SourceTitle "playchess.com"]
[Source "ChessBase"]
[SourceQuality "1"]
[TimeControl "5400+30"]

1. d4 d5 2. Nf3 e6 3. e3 Nf6 4. Bd3 c5 5. c3 Nc6 6. Nbd2 Bd6 7. O-O O-O 8. Qe2 e5 9. dxc5 Bxc5 10. e4 d4 11. Nb3 Bb6 12. cxd4 Nxd4 13. Nbxd4 Bxd4 14. Nxd4 Qxd4 15. Be3 Qd6 16. Rac1 b6 17. Rfd1 Bb7 18. f3 Rac8 19. Bc4 Qe7 20. Ra1 1/2-1/2

[Event "DMP-III LIGA Senior PK 2020"]
[Site "Bystre"]
[Date "2020.07.09"]
[Round "3.2"]
[White "Socha, Kamil"]
[Black "Dobrzanski, Krzysztof"]
[Result "1/2-1/2"]
[ECO "D63"]
[WhiteElo "1817"]
[BlackElo "1722"]
[Annotator "NA RC"]
[PlyCount "64"]
[EventDate "2020.07.05"]
[EventType "team-tourn"]
[EventCountry "POL"]
[SourceTitle "playchess.com"]
[Source "ChessBase"]
[SourceQuality "1"]
[TimeControl "5400+30"]

1. d4 d5 2. c4 Nf6 3. Nf3 e6 4. Nc3 c6 5. Bg5 Nbd7 6. e3 Be7 7. Rc1 O-O 8. a3 Re8 9. h3 {[%emt 0:01:16] D63: Queen's Gambit Declined: Classical: 7 Rc1.} a6 10. c5 {[%emt 0:01:46] [#]} Qc7 $146 ({Predecessor:} 10... Nh5 11. Bxe7 Qxe7 12. Be2 Nhf6 13. O-O e5 14. Na4 e4 15. Nd2 Rb8 16. Qb3 Nf8 {½-½ (78) Letelier Martner,R-Rossetto,H Mar del Plata 1951}) 11. Bf4 Qd8 12. Bd3 Nh5 13. Bh2 g6 14. g4 Ng7 15. Bg3 f6 16. h4 e5 17. dxe5 Nxc5 18. exf6 Nxd3+ 19. Qxd3 Bxf6 20. g5 Bf5 21. Qe2 Be7 22. Nd4 Qd7 23. Nxf5 (23. Na4 $142 Qd8 24. O-O) 23... Qxf5 24. Qc2 Qf3 25. Rg1 (25. O-O $17) 25... Rad8 26. Qe2 Qf5 27. Qc2 Qe6 28. Ne2 Bd6 29. Nd4 Qg4 30. Qe2 Qe4 31. Bxd6 Rxd6 32. Qg4 Qxg4 $11 (32... Qe5 $15) 1/2-1/2

[Event "DMP-III LIGA Senior PK 2020"]
[Site "Bystre"]
[Date "2020.07.09"]
[Round "3.3"]
[White "Palacki, Rafal"]
[Black "Stefanski, Adam"]
[Result "1-0"]
[ECO "B30"]
[WhiteElo "1755"]
[BlackElo "1387"]
[Annotator "NA RC"]
[PlyCount "54"]
[EventDate "2020.07.05"]
[EventType "team-tourn"]
[EventCountry "POL"]
[SourceTitle "playchess.com"]
[Source "ChessBase"]
[SourceQuality "1"]
[TimeControl "5400+30"]

1. e4 c5 2. Nf3 Nc6 3. b4 cxb4 4. d4 d5 5. exd5 Qxd5 6. c4 Qa5 7. d5 Nd8 8. Be3 Nf6 9. Nbd2 e6 10. Nb3 Qc7 11. Qd4 exd5 12. cxd5 Qc3+ 13. Qxc3 bxc3 14. Bc4 a6 15. a4 Bf5 16. O-O Rc8 17. Rfe1 Rxc4 18. Bd4+ Ne6 19. Na5 Rc8 20. Bxf6 gxf6 21. Nd4 Bg6 22. Nxb7 Bh6 23. dxe6 Rc7 24. Nd6+ Ke7 25. N6f5+ Kd8 26. Nxh6 Rc4 27. e7+ Kc7 1-0

[Event "DMP-III LIGA Senior PK 2020"]
[Site "Bystre"]
[Date "2020.07.09"]
[Round "3.4"]
[White "Korys, Dawid"]
[Black "Zajac, Karol"]
[Result "0-1"]
[ECO "D00"]
[WhiteElo "1343"]
[BlackElo "1652"]
[Annotator "NA RC"]
[PlyCount "56"]
[EventDate "2020.07.05"]
[EventType "team-tourn"]
[EventCountry "POL"]
[SourceTitle "playchess.com"]
[Source "ChessBase"]
[SourceQuality "1"]
[TimeControl "5400+30"]

1. d4 d5 2. Bf4 Nf6 3. e3 e6 4. Bd3 Bd6 5. Bxd6 Qxd6 6. Nf3 Qb4+ 7. Nbd2 Qxb2 8. O-O O-O 9. Ne5 b6 10. g4 Ba6 11. Qe2 Qa3 12. g5 Bxd3 13. Qxd3 Qxd3 14. Nxd3 Ne4 15. Nxe4 dxe4 16. Ne5 f6 17. gxf6 gxf6 18. Ng4 h5 19. Nxf6+ Rxf6 20. Kh1 Nd7 21. Rg1+ Kf7 22. Rg5 Rf5 23. Rag1 Rxg5 24. Rxg5 Nf6 25. h3 Rg8 26. Rxg8 Nxg8 27. Kg2 Kg6 28. Kg3 Kg5 0-1

[Event "DMP-III LIGA Senior PK 2020"]
[Site "Bystre"]
[Date "2020.07.09"]
[Round "3.5"]
[White "Materniak, Aleksander"]
[Black "Medrygal, Rafal"]
[Result "1-0"]
[ECO "C64"]
[WhiteElo "1660"]
[BlackElo "1258"]
[Annotator "NA RC"]
[PlyCount "63"]
[EventDate "2020.07.05"]
[EventType "team-tourn"]
[EventCountry "POL"]
[SourceTitle "playchess.com"]
[Source "ChessBase"]
[SourceQuality "1"]
[TimeControl "5400+30"]

1. e4 e5 2. Nf3 Nc6 3. Bb5 Bc5 4. O-O d6 5. c3 a6 6. Ba4 b5 7. Bc2 Bg4 8. h3 Bh5 9. d3 Nf6 10. Bg5 h6 11. Bh4 g5 12. Bg3 Qd7 13. b4 Bb6 14. a4 Ne7 15. axb5 Ng6 16. Nbd2 Nh4 17. bxa6 Rg8 18. Kh2 g4 19. Nxh4 gxh3 20. Ndf3 hxg2 21. Kxg2 Ng4 22. Ba4 c6 23. d4 Ke7 24. d5 Bxf2 25. Nf5+ Qxf5 26. exf5 Bxg3 27. Kxg3 Ne3+ 28. Kf2 Nxd1+ 29. Rfxd1 e4 30. Bxc6 Ra7 31. Rg1 Rxg1 32. Nxg1 1-0

[Event "DMP-III LIGA Senior PK 2020"]
[Site "Bystre"]
[Date "2020.07.09"]
[Round "3.6"]
[White "Trybowska, Anna"]
[Black "Tarsa, Joanna"]
[Result "1/2-1/2"]
[ECO "A84"]
[WhiteElo "1583"]
[BlackElo "1574"]
[Annotator "NA RC"]
[PlyCount "42"]
[EventDate "2020.07.05"]
[EventType "team-tourn"]
[EventCountry "POL"]
[SourceTitle "playchess.com"]
[Source "ChessBase"]
[SourceQuality "1"]
[TimeControl "5400+30"]

1. d4 f5 2. c4 e6 3. Nc3 d5 4. cxd5 exd5 5. Nf3 Nf6 6. Bg5 c6 7. e3 Bd6 8. Ne5 O-O 9. Bd3 Qe8 10. f4 Ne4 11. Bh4 Be6 12. Be2 Bf7 13. g4 Be6 14. g5 Nd7 15. Nxe4 dxe4 16. Nxd7 Qxd7 17. Rg1 Be7 18. Qc2 Rac8 19. Bc4 Bxc4 20. Qxc4+ Qd5 21. Rc1 Kh8 1/2-1/2

[Event "DMP-III LIGA Senior PK 2020"]
[Site "Bystre"]
[Date "2020.07.09"]
[Round "3.10"]
[White "Karas, Kacper"]
[Black "Wojciechowski, Beniamin"]
[Result "1/2-1/2"]
[ECO "A11"]
[WhiteElo "1150"]
[BlackElo "1835"]
[Annotator "NA RC"]
[PlyCount "47"]
[EventDate "2020.07.05"]
[EventType "team-tourn"]
[EventCountry "POL"]
[SourceTitle "playchess.com"]
[Source "ChessBase"]
[SourceQuality "1"]
[TimeControl "5400+30"]

1. c4 c6 2. g3 d5 3. d4 Nf6 4. Bg2 e6 5. Nc3 Nbd7 6. b3 {[%emt 0:02:25] [#] E01: Catalan: Early deviations.} dxc4 $146 ({Predecessor:} 6... Be7 7. e3 O-O 8. Nge2 Re8 9. O-O dxc4 10. bxc4 Nb6 11. Qb3 Bf8 12. a4 Qc7 13. a5 Nbd7 14. Ba3 Bxa3 15. Rxa3 e5 16. d5 {1-0 (40) Alves da Silva,T (2055)-Da Silva,J (1615) Teresina 2019}) 7. bxc4 Bb4 8. Qb3 Qa5 9. Bb2 e5 10. a3 Be7 11. e3 exd4 12. exd4 Nb6 13. Nf3 Be6 14. Ne5 {[%emt 0:02:18] [#]} (14. d5 $15 cxd5 15. cxd5 Bxd5 16. Qb5+ Qxb5 17. Nxb5) 14... O-O-O (14... Nfd7 $1 $17 15. d5 Nxe5 16. dxe6 Nd3+ 17. Kf1 O-O) 15. O-O Nfd7 {[%emt 0:01:34] [#]} (15... Bd6 $11) 16. Nxd7 (16. Nxc6 $142 $1 bxc6 17. d5) 16... Rxd7 17. d5 $1 cxd5 18. cxd5 Nxd5 19. Nxd5 Bxd5 20. Bxd5 Rxd5 ({Black should play} 20... Qxd5 $14 21. Qc3+ Kb8) 21. Bxg7 Rhd8 22. Rfc1+ Kb8 {[%emt 0:01:20] [#]} 23. Bc3 $14 (23. Bh6 $1 $16) 23... Qb5 24. Qa2 1/2-1/2

[Event "DMP-III LIGA Senior PK 2020"]
[Site "Bystre"]
[Date "2020.07.09"]
[Round "3.11"]
[White "Borukalo, Zdzislaw"]
[Black "Mastej, Krzysztof"]
[Result "1/2-1/2"]
[ECO "C55"]
[WhiteElo "1679"]
[BlackElo "1303"]
[Annotator "NA RC"]
[PlyCount "51"]
[EventDate "2020.07.05"]
[EventType "team-tourn"]
[EventCountry "POL"]
[SourceTitle "playchess.com"]
[Source "ChessBase"]
[SourceQuality "1"]
[TimeControl "5400+30"]

1. e4 e5 2. Nf3 Nc6 3. d4 exd4 4. Bc4 Nf6 5. e5 d5 6. Bb5 Ne4 7. Nxd4 Bc5 8. Be3 Bd7 9. Bxc6 bxc6 10. Nd2 Qe7 11. N2f3 O-O 12. c3 Rab8 13. Qe2 Rfe8 14. h3 a5 15. O-O h6 16. Bf4 Ba7 17. e6 fxe6 18. Bxc7 Rb7 19. Bxa5 Reb8 20. Bb4 Qf6 21. Ba3 e5 22. Nc2 Ng3 23. Qxe5 Qxe5 24. Nxe5 Nxf1 25. Nxd7 Rxd7 26. Kxf1 1/2-1/2

[Event "DMP-III LIGA Senior PK 2020"]
[Site "Bystre"]
[Date "2020.07.09"]
[Round "3.12"]
[White "Uliasz, Katarzyna"]
[Black "Krzysztynska, Anna"]
[Result "0-1"]
[ECO "C44"]
[WhiteElo "1386"]
[BlackElo "1857"]
[Annotator "NA RC"]
[PlyCount "56"]
[EventDate "2020.07.05"]
[EventType "team-tourn"]
[EventCountry "POL"]
[SourceTitle "playchess.com"]
[Source "ChessBase"]
[SourceQuality "1"]
[TimeControl "5400+30"]

1. e4 e5 2. Nf3 Nc6 3. d4 exd4 4. Nxd4 d6 5. Nc3 Nf6 6. Bg5 Be7 7. f3 Bd7 8. Nb3 a6 9. Qd2 O-O 10. O-O-O b5 11. h4 Ne5 12. Na5 Rb8 13. Nd5 Nxd5 14. exd5 Bf6 15. f4 Ng4 16. Bd3 h6 17. Bxf6 Qxf6 18. Nc6 Bxc6 19. dxc6 d5 20. h5 Rfe8 21. Rde1 Qxc6 22. Bf5 Nf6 23. g4 Ne4 24. Bxe4 dxe4 25. g5 e3 26. Qd3 Rbd8 27. Qb3 e2 28. gxh6 Qxh1 0-1

[Event "DMP-III LIGA Senior PK 2020"]
[Site "Bystre"]
[Date "2020.07.09"]
[Round "3.15"]
[White "Szaro, Mariusz"]
[Black "Chowaniec, Artur"]
[Result "1-0"]
[ECO "D00"]
[WhiteElo "1559"]
[BlackElo "1530"]
[Annotator "NA RC"]
[PlyCount "131"]
[EventDate "2020.07.05"]
[EventType "team-tourn"]
[EventCountry "POL"]
[SourceTitle "playchess.com"]
[Source "ChessBase"]
[SourceQuality "1"]
[TimeControl "5400+30"]

1. d4 d5 2. Bf4 c5 3. e3 Nc6 4. c3 Nf6 5. Nd2 Bf5 6. Ngf3 cxd4 7. exd4 e6 8. Ne5 Nxe5 9. dxe5 Nd7 10. Bb5 a6 11. Ba4 b5 12. Bc2 Bxc2 13. Qxc2 g6 14. O-O Bg7 15. Nf3 O-O 16. Rfe1 Rc8 17. Qd2 Nb6 18. b3 Qc7 19. Rac1 Nd7 20. Bh6 Rfd8 21. Bxg7 Kxg7 22. Qe3 Qc5 23. Nd4 Qe7 24. Qf4 Nc5 25. Re3 Rh8 26. Rh3 h5 27. Rf3 Rcf8 28. Nc6 Qc7 29. Qf6+ Kh7 30. Ne7 Ne4 31. Qxf7+ Rxf7 32. Rxf7+ Kh6 33. Ng8+ Rxg8 34. Rxc7 Rf8 35. f3 Ng5 36. h4 Nf7 37. f4 Nh8 38. g3 Re8 39. Kf2 Rf8 40. Ke3 Nf7 41. Rc6 Nd8 42. Rxa6 Rf7 43. Rb6 Ra7 44. Rc2 Ra5 45. Kd4 Kg7 46. Kc5 Ra7 47. Rxb5 Rc7+ 48. Kd4 Nc6+ 49. Ke3 Kf7 50. a4 Ke7 51. a5 Kd8 52. Rd2 Na7 53. Rb8+ Kd7 54. c4 Ke7 55. cxd5 exd5 56. Rxd5 Rc3+ 57. Rd3 Rc7 58. a6 Ke6 59. Rb7 Rc2 60. Rxa7 Kf5 61. Kf3 g5 62. Rf7+ Ke6 63. Rf6+ Ke7 64. hxg5 h4 65. gxh4 Rc1 66. Kg4 1-0

[Event "DMP-III LIGA Senior PK 2020"]
[Site "Bystre"]
[Date "2020.07.09"]
[Round "3.17"]
[White "Dziura, Wiktor"]
[Black "Kielb, Miroslaw"]
[Result "1-0"]
[ECO "A00"]
[WhiteElo "1353"]
[BlackElo "1394"]
[Annotator "NA RC"]
[PlyCount "125"]
[EventDate "2020.07.05"]
[EventType "team-tourn"]
[EventCountry "POL"]
[SourceTitle "playchess.com"]
[Source "ChessBase"]
[SourceQuality "1"]
[TimeControl "5400+30"]

1. g3 e5 2. Bg2 d5 3. c4 Nf6 4. cxd5 Nxd5 5. Nc3 Nxc3 6. bxc3 c6 7. Nf3 Bd6 8. O-O O-O 9. Qb3 Qc7 10. Rb1 Nd7 11. d4 b5 12. c4 bxc4 13. Qxc4 Nb6 14. Qc2 Bb7 15. dxe5 Bxe5 16. Nxe5 Qxe5 17. Bb2 Qe6 18. Ba3 Rfe8 19. e3 Rab8 20. Bc5 Ba8 21. a4 Rb7 22. Bd4 Rc8 23. Rfc1 Nd5 24. Rxb7 Bxb7 25. Bxa7 Ra8 26. Bc5 Qg4 27. Ra1 Ba6 28. a5 Qc4 29. Qxc4 Bxc4 30. Bf1 Bb5 31. Bxb5 cxb5 32. a6 Nc7 33. a7 Ne6 34. Bd6 Nd8 35. Bb8 Kf8 36. Rb1 Ke7 37. Rxb5 Nc6 38. f4 Kd7 39. Rb7+ Ke6 40. Rb6 Kd7 41. Rxc6 Kxc6 42. Kf2 Kb7 43. Kf3 Rxb8 44. axb8=Q+ Kxb8 45. Ke4 Kc7 46. Ke5 Kd7 47. g4 Ke7 48. g5 Kd7 49. h4 Ke7 50. h5 g6 51. h6 Ke8 52. Kf6 Kf8 53. e4 Kg8 54. f5 gxf5 55. Kxf5 Kf8 56. Kf6 Kg8 57. Ke7 Kh8 58. g6 fxg6 59. Kf7 g5 60. e5 g4 61. e6 g3 62. e7 g2 63. e8=Q# 1-0

[Event "DMP-III LIGA Senior PK 2020"]
[Site "Bystre"]
[Date "2020.07.09"]
[Round "3.18"]
[White "Wolak, Julia"]
[Black "Kruczek, Aleksandra"]
[Result "1-0"]
[ECO "C65"]
[WhiteElo "1516"]
[BlackElo "1038"]
[Annotator "NA RC"]
[PlyCount "91"]
[EventDate "2020.07.05"]
[EventType "team-tourn"]
[EventCountry "POL"]
[SourceTitle "playchess.com"]
[Source "ChessBase"]
[SourceQuality "1"]
[TimeControl "5400+30"]

1. e4 e5 2. Nf3 Nc6 3. Bb5 Nf6 4. O-O Be7 5. c3 a6 6. Ba4 O-O 7. Re1 d5 8. exd5 Qxd5 9. Bxc6 bxc6 10. Rxe5 Qd6 11. h3 Nd5 12. d4 Qg6 13. Kh1 Bd6 14. Re1 Nf4 15. Bxf4 Bxf4 16. Ne5 Qh6 17. Ng4 Qh4 18. Qf3 h5 19. Qxf4 hxg4 20. Re3 Bb7 21. Kg1 Rae8 22. Nd2 Rxe3 23. fxe3 Re8 24. e4 Re6 25. Rf1 Rf6 26. Qxg4 Qh6 27. Rxf6 Qxf6 28. Nf3 Qh6 29. Qg5 Qe6 30. Qd8+ Kh7 31. Ng5+ Kh6 32. Nxe6 fxe6 33. Qxc7 c5 34. Qxb7 c4 35. d5 exd5 36. exd5 g5 37. Qxa6+ Kh5 38. d6 g4 39. hxg4+ Kxg4 40. Qxc4+ Kf5 41. d7 Kg6 42. d8=Q Kf5 43. Qdd5+ Kg6 44. Qcc6+ Kg7 45. Qdd7+ Kf8 46. Qcc8# 1-0

[Event "DMP-III LIGA Senior PK 2020"]
[Site "Bystre"]
[Date "2020.07.09"]
[Round "3.19"]
[White "Zgoda, Damian"]
[Black "Lach, Dariusz"]
[Result "1-0"]
[ECO "A46"]
[WhiteElo "1672"]
[BlackElo "1748"]
[Annotator "NA RC"]
[PlyCount "91"]
[EventDate "2020.07.05"]
[EventType "team-tourn"]
[EventCountry "POL"]
[SourceTitle "playchess.com"]
[Source "ChessBase"]
[SourceQuality "1"]
[TimeControl "5400+30"]

1. d4 Nf6 2. Bg5 e6 3. Nf3 Be7 4. e3 O-O 5. Nbd2 d5 6. Bd3 Nbd7 7. c3 h6 8. Bh4 b6 9. O-O a5 10. Ne5 Nxe5 11. dxe5 Nd7 12. Bxe7 Qxe7 13. f4 f6 14. Qh5 f5 15. g4 Ba6 16. Bxa6 Rxa6 17. Nf3 Qf7 18. Qxf7+ Rxf7 19. gxf5 Rxf5 20. Nd4 Rf7 21. Nxe6 Nf8 22. Nd8 Rd7 23. Nc6 Ra8 24. Rad1 g6 25. Rxd5 Rxd5 26. Ne7+ Kg7 27. Nxd5 Rd8 28. Nxc7 Rd7 29. Ne8+ Kf7 30. Nd6+ Ke7 31. Rd1 Rc7 32. Kf2 Ne6 33. Nb5 Rd7 34. Rxd7+ Kxd7 35. Kf3 Nc5 36. e4 a4 37. Ke3 Ne6 38. f5 Nf8 39. Kd4 g5 40. e6+ Nxe6+ 41. fxe6+ Kxe6 42. Nc7+ Kd7 43. Nd5 b5 44. e5 Kc6 45. Nf6 Kc7 46. Kd5 1-0

[Event "DMP-III LIGA Senior PK 2020"]
[Site "Bystre"]
[Date "2020.07.09"]
[Round "3.22"]
[White "Lach, Tomasz"]
[Black "Mikula, Michal"]
[Result "0-1"]
[ECO "A45"]
[WhiteElo "1833"]
[BlackElo "1858"]
[Annotator "NA RC"]
[PlyCount "112"]
[EventDate "2020.07.05"]
[EventType "team-tourn"]
[EventCountry "POL"]
[SourceTitle "playchess.com"]
[Source "ChessBase"]
[SourceQuality "1"]
[TimeControl "5400+30"]

1. d4 Nf6 2. Nc3 c5 3. d5 d6 4. e4 a6 5. a4 e5 6. Bg5 {A43: Schmid Benoni.} Be7 7. Bxf6 Bxf6 8. Be2 Nd7 {[#]} 9. Bg4 $146 ({Predecessor:} 9. Nf3 Nf8 10. O-O Ng6 11. g3 Bh3 12. Re1 h5 13. Bf1 Qd7 14. Bxh3 Qxh3 15. Qe2 {½-½ (28) Felz Krueger,G (1764)-Caramia,J (2146) Villa Ballester 2012}) 9... Nf8 10. Bxc8 Rxc8 11. Nge2 Ng6 12. O-O O-O 13. a5 Qd7 14. Ng3 Nf4 15. Nh5 Nxh5 16. Qxh5 g6 17. Qe2 Bd8 18. Qd2 Qg4 19. f3 Qh5 20. Ra3 Bg5 21. Qe2 Rc7 22. Raa1 f5 23. Rad1 (23. exf5 $11 gxf5 24. f4 Qxe2 25. Nxe2) 23... Qh6 24. g3 Rcf7 25. Kg2 Bd8 26. Ra1 Qg5 27. Qd3 f4 28. g4 (28. Qd2 $15) 28... h5 29. h3 Rh7 30. Rh1 hxg4 31. hxg4 Rxh1 32. Rxh1 Bxa5 33. Ne2 Rf7 34. c3 Rh7 35. Qb1 Rh4 36. Qa1 Rxh1 37. Kxh1 Qd8 38. Kg2 b5 (38... Bb6 $17 39. Qh1 Qg5) 39. Qh1 Kg7 40. Qa1 c4 41. Ng1 Qb6 42. Qe1 Qd8 (42... g5 $17 43. Qa1 Kf6) 43. Qa1 $1 {[#]} Qc7 (43... Kh7 $1 $19 44. Ne2 Kg8) 44. Qe1 (44. Nh3 $11 {keeps the balance.}) 44... g5 (44... Bb6 $17 45. Qh4 Qd8) 45. Ne2 $2 (45. Nh3 $15 Kg6 46. Qa1) 45... Bb6 46. Ng1 Qc5 47. Nh3 Kg6 48. Qa1 a5 49. Qd1 Qe3 50. Qc2 Kf6 $19 (50... Qe1 $142 51. Nf2 Be3 52. Nh3 b4 53. cxb4 Qg3+ 54. Kf1 Qxh3+ 55. Qg2 Qxg2+ 56. Kxg2 axb4 57. Kf1 c3 58. bxc3 bxc3 59. Ke1 c2 60. Ke2 c1=Q 61. Kd3 Kh7 62. Ke2 Qd2+ 63. Kf1 Qf2#) 51. Qd1 b4 52. Qc2 Qe1 53. Qa4 Qe2+ 54. Kh1 Qxf3+ 55. Kh2 Qg3+ 56. Kh1 Qxh3# 0-1

[Event "DMP-III LIGA Senior PK 2020"]
[Site "Bystre"]
[Date "2020.07.09"]
[Round "3.23"]
[White "Sygulski, Piotr"]
[Black "Lach, Mateusz"]
[Result "0-1"]
[ECO "C18"]
[WhiteElo "1652"]
[BlackElo "1674"]
[Annotator "NA RC"]
[PlyCount "78"]
[EventDate "2020.07.05"]
[EventType "team-tourn"]
[EventCountry "POL"]
[SourceTitle "playchess.com"]
[Source "ChessBase"]
[SourceQuality "1"]
[TimeControl "5400+30"]

1. e4 e6 2. d4 d5 3. Nc3 Bb4 4. e5 c5 5. a3 Bxc3+ 6. bxc3 Qa5 7. Bd2 c4 8. Qg4 Ne7 9. Qxg7 Rg8 10. Qxh7 Nbc6 11. h4 Bd7 12. Qh5 Qa4 13. Qd1 O-O-O 14. Nf3 Rdf8 15. Ng5 Rh8 16. g3 f6 17. exf6 Rxf6 18. Bh3 Nf5 19. Bxf5 exf5 20. f4 Ne7 21. Qb1 Rb6 22. Qc1 Be8 23. Kf2 Ng8 24. Re1 Nf6 25. Re5 Ng4+ 26. Kg1 Nxe5 27. dxe5 Qa5 28. Qe1 d4 29. cxd4 Qd5 30. Qf2 Bc6 31. Kh2 Rb2 32. Bb4 a5 33. Bd6 b5 34. Kh3 b4 35. axb4 axb4 36. g4 b3 37. Rc1 Rxc2 38. Rxc2 bxc2 39. Qxc2 Qh1+ 0-1

[Event "DMP-III LIGA Senior PK 2020"]
[Site "Bystre"]
[Date "2020.07.09"]
[Round "3.24"]
[White "Wladyka, Angelika"]
[Black "Zgoda, Aleksandra"]
[Result "1/2-1/2"]
[ECO "B22"]
[WhiteElo "1601"]
[BlackElo "1203"]
[Annotator "NA RC"]
[PlyCount "109"]
[EventDate "2020.07.05"]
[EventType "team-tourn"]
[EventCountry "POL"]
[SourceTitle "playchess.com"]
[Source "ChessBase"]
[SourceQuality "1"]
[TimeControl "5400+30"]

1. e4 c5 2. c3 e6 3. d4 cxd4 4. cxd4 Nf6 5. Bd3 Nc6 6. Nf3 Nb4 7. Nc3 Nxd3+ 8. Qxd3 d6 9. Bg5 Be7 10. O-O a6 11. Rfd1 b5 12. Rac1 Bb7 13. e5 Nd5 14. Bxe7 Qxe7 15. exd6 Qxd6 16. Ne4 Qe7 17. Nc5 O-O 18. Nxb7 Qxb7 19. Ng5 g6 20. Qh3 h5 21. Qf3 Rac8 22. Ne4 Qe7 23. Rxc8 Rxc8 24. Nc5 a5 25. Re1 Qf6 26. Qxf6 Nxf6 27. f3 Kf8 28. Kf2 Nd5 29. a3 Ke7 30. g3 a4 31. f4 Kd6 32. Rc1 Nb6 33. Ke2 Kd5 34. Kd3 Nc4 35. Rc2 Rg8 36. h4 Nd6 37. Nd7 Ne8 38. Rc5+ Kd6 39. Ne5 f6 40. Nf3 Nc7 41. Ng1 Rb8 42. Ne2 b4 43. axb4 Rxb4 44. Rc2 Nd5 45. Kd2 e5 46. dxe5+ fxe5 47. fxe5+ Kxe5 48. Nc1 Rg4 49. Ne2 Nf6 50. Ke3 g5 51. hxg5 Rxg5 52. Rc4 Rg4 53. Rc8 Rb4 54. Rc2 Rb3+ 55. Nc3 1/2-1/2

[Event "DMP-III LIGA Senior PK 2020"]
[Site "Bystre"]
[Date "2020.07.09"]
[Round "3.27"]
[White "Babiarz, Arkadiusz"]
[Black "Biesiadecki, Adam"]
[Result "1-0"]
[ECO "A15"]
[WhiteElo "1840"]
[BlackElo "1539"]
[Annotator "NA RC"]
[PlyCount "67"]
[EventDate "2020.07.05"]
[EventType "team-tourn"]
[EventCountry "POL"]
[SourceTitle "playchess.com"]
[Source "ChessBase"]
[SourceQuality "1"]
[TimeControl "5400+30"]

1. c4 Nf6 2. g3 e6 3. Bg2 c5 4. e4 Nc6 5. Nc3 b6 6. e5 {[%emt 0:01:42] A36: Symmetrical English vs ...g6: 4 Bg2 Bg7.} Ng8 7. Nge2 Rb8 {[%emt 0:00:29] [#]} 8. d4 $146 ({Predecessor:} 8. f4 Bb7 9. O-O d6 10. Qa4 Qd7 11. exd6 Bxd6 12. d3 Nf6 13. h3 O-O 14. Be3 {1-0 (50) Smith,R (2333)-Selnes,H (1957) Sydney 2008}) 8... Nxd4 9. Nxd4 cxd4 10. Qxd4 a6 11. O-O Bb7 12. Bxb7 Rxb7 13. Ne4 f5 14. Bg5 Qb8 15. Nd6+ Bxd6 16. exd6 Kf7 17. g4 fxg4 18. f4 Nf6 19. Rae1 Re8 20. Re5 Qd8 21. f5 Rb8 22. fxe6+ Rxe6 23. Ref5 Rc8 24. b4 Qh8 25. Qd5 Kg6 26. Rxf6+ gxf6 27. Qf5+ Kf7 28. Bxf6 Qg8 $2 (28... Rxf6 $11 29. Qxd7+ Kg6 30. Qxg4+ Kf7 31. Qd7+ Kg6 32. Qg4+ Kf7 33. Qd7+ Kg6 34. Qg4+) 29. Be7+ Kg7 30. Bf6+ Kf7 $1 31. Be7+ $2 (31. Qf4 $18 a5 32. bxa5 bxa5 {[#]} 33. c5 $1 ) 31... Kg7 32. Qg5+ (32. Rf4 $5 ) 32... Rg6 (32... Kh8 $11 33. Bf6+ Rxf6 34. Qxf6+ Qg7) 33. Bf6+ Kf7 34. Ba1+ 1-0